 Dungeon Crawl Stone Soup version 0.25-a0-834-g55863b0b92 (webtiles) character file.

Game seed: 6449469663002754028, levelgen mode: deterministic

10 Maedhros the Charlatan (level 2, -1/18 HPs)
             Began as an Octopode Artificer on Apr 23, 2020.
             Shot with a stone by a goblin (6 damage)
             ... led by Robin
             ... on level 2 of the Dungeon.
             The game lasted 00:00:36 (366 turns).

Maedhros the Charlatan (Octopode Artificer)          Turns: 366, Time: 00:00:36

Health: -1/18      AC:  1    Str: 11    XL:     2   Next: 20%
Magic:  4/4        EV: 13    Int: 13    God:
Gold:   8          SH:  0    Dex: 12    Spells: 1/1 levels left

rFire    . . .     SeeInvis .   g - +0 rapier
rCold    . . .     Gourm    .   (no shield)
rNeg     . . .     Faith    .   (helmet restricted)
rPois    .         Spirit   .   (no amulet)
rElec    .         Reflect  .   (no ring)
rCorr    .         Harm     .   (no ring)
MR       .....                  (no ring)
Stlth    +++.......             (no ring)
HPRegen  0.06/turn              (no ring)
MPRegen  0.09/turn              (no ring)
                                (no ring)
                                (no ring)

@: no status effects
A: almost no armour, stealthy swim, amphibious, 8 rings, constrict 8, camouflage
1, gelatinous body 1
a: no special abilities


You were on level 2 of the Dungeon.
You were not hungry.

You visited 1 branch of the dungeon, and saw 2 of its levels.

You collected 8 gold pieces.

Inventory:

Hand Weapons
 a - a +0 short sword
 g - a +0 rapier (weapon)
Wands
 b - a wand of flame (15)
 c - a wand of enslavement (15)
 d - a wand of random effects (15)
Scrolls
 e - a scroll of identify {unknown}
 h - 2 scrolls of fear {unknown}
Potions
 i - a potion of lignification {unknown}
Comestibles
 f - a ration


   Skills:
 - Level 1.0 Fighting
 - Level 1.0 Short Blades
 - Level 2.0 Dodging
 + Level 2.4 Stealth
 + Level 3.6 Evocations


You had one spell level left.
You didn't know any spells.
Your spell library was empty.

Dungeon Overview and Level Annotations

Branches:
Dungeon (2/15)

Altars:

Annotations:
D:2 Robin


Innate Abilities, Weirdness & Mutations

You cannot wear most types of armour.
You are very stealthy in the water. (Stealth+)
You are amphibious.
You can wear up to eight rings at the same time.
You can use your tentacles to constrict eight enemies at once.
Your skin changes colour to match your surroundings (Stealth+).
Your rubbery body absorbs attacks. (AC +1, EV +1)


Message History

The goblin shoots a stone.
The stone misses you. The kobold misses you.
The goblin no longer looks unusually strong.
The kobold throws a stone.
The stone misses you.
The goblin shoots a stone.
The stone closely misses you.
The goblin shoots a stone.
The stone hits you.
The kobold throws a stone.
The stone completely misses you.
You see here 2 stones.
The goblin shoots a stone.
The stone hits you but does no damage.
Found a fuming blue potion.
You see here a fuming blue potion.
i - a fuming blue potion You hit the kobold.
You grab the kobold.
The kobold is heavily wounded.
You constrict the kobold. The kobold hits you.
* * * LOW HITPOINT WARNING * * *
The goblin shouts!
You hit the kobold.
You kill the kobold!
The goblin shoots a stone.
The stone hits you.
You die...

###.# ..... ###..
##. ## ### #.# #.#
#@# # ##.##### #$#
#.##...... #.#
#..#######
#g#######..## #
##gg((.....#.. #
#.........###.#####
#.#####..## ##.....
#. #.K.###..g(.# #.
#...g#...##(#


You could see a hobgoblin and 2 goblins.

Vanquished Creatures
  A dart slug (D:1)
  2 goblins (D:2)
  A hobgoblin (D:1)
  A kobold (D:2)
  A bat (D:1)
  2 rats (D:2)
8 creatures vanquished.

Notes
Turn   | Place    | Note
-------+----------+-------------------------------------------
     0 | D:1      | Maedhros the Octopode Artificer began the quest for the
                  | Orb.
     0 | D:1      | Reached XP level 1. HP: 13/13 MP: 3/3
   322 | D:2      | Noticed Robin
   327 | D:2      | Reached XP level 2. HP: 12/18 MP: 4/4
   366 | D:2      | Shot with a stone by a goblin

Levels and vault maps discovered:
D:1:      dpeg_arrival_connections, layout_loops_ring, minmay_pentomino_r4
D:2:      layout_loops_ring, tso_oasis_becter, lemuel_coloured_pillars_altar,
          uniq_robin, uniq_crazy_yiuf_cottage, uniq_natasha

Skill      XL: |  1 |
---------------+----+-----
Stealth        | 2 |  2.4
Fighting       | |  1.0
Short Blades   | |  1.0
Dodging        | |  2.0
Evocations     | |  3.6

Action                   || total
-------------------------++-------
Melee: Short sword       ||     7
       Rapier            ||     7
       Constrict         ||     5
       Tentacles         ||     2
 Stab: Sleeping          ||     1
Armor: Skin              ||     3
Dodge: Dodged            ||    19

Table legend:
 A = Non-vault XP
 B = Vault XP
 C = Vault XP percentage of total XP
 D = Non-vault monster count
 E = Vault monster count
 F = Vault count percentage of total count
                 A         B        C        D         E       F
            +---------+---------+-------+---------+---------+-------
      Total |      13 |       2 |  13.3 |       7 |       1 |  12.5
            +---------+---------+-------+---------+---------+-------
        D:1 |       7 |       0 |   0.0 |       3 |       0 |   0.0
        D:2 |       6 |       2 |  25.0 |       4 |       1 |  20.0
            +---------+---------+-------+---------+---------+-------
